 Dungeon Crawl Stone Soup version bcrawl-1.37.2 (webtiles) character file.

Game seed: 5126130183569663530

375631 Mehrunes the Fighter (level 17, 0/134 (135) HPs)
             Began as a Mummy Fire Elementalist on Nov 6, 2022.
             Was the Champion of Sif Muna.
             Slain by a nagaraja
             ... wielding a +0 halberd
              (2 damage)
             ... on level 3 of the Snake Pit.
             The game lasted 01:58:38 (41147 turns).

Mehrunes the Fighter (Mummy Fire Elementalist)     Turns: 41147, Time: 01:58:38

HP:   0/134 (135)   AC: 19    Str: 15    XL:     17   Next: 9%
MP:   0/31          EV: 12    Int: 20    God:    Sif Muna [******]
Gold: 1847          SH: 13    Dex: 10    Spells: 7/36 levels left

rFire    . . .     GDR:     25% E - +10 hand axe of Qeuluwn {drain, *Noise Str+3 Dex+2}
rCold    . . .     SeeInvis .   M - +2 buckler {AC+3}
rNeg     + + +     Gourm    .   a - +5 steam dragon scales "Syureaxt" {rElec rN+ Dex-5}
rPois    ∞         Faith    .   s - +0 helmet
rElec    +         Spirit   .   F - +2 cloak
rCorr    .         Reflect  +   (no gloves)
MR       ++...     Clarity  +   y - +0 pair of boots
Stlth    ++........             l - +4 amulet of reflection
HPRegen  0.32/turn              G - ring of insulation
MPRegen  0.22/turn              P - ring "Yschoz" {Fire rPois}

@: constricted, studying Bows
A: no food or potions, fire vulnerability, clarity, cold resistance 1, negative
energy resistance 3, torment resistance, unbreathing, strong hexes 1
a: Divine Energy, Channel Magic, Forget Spell, Moment of Magic, Renounce
Religion


You were on level 3 of the Snake Pit.
You worshipped Sif Muna.
Sif Muna was exalted by your worship.
You were not hungry.

You visited 5 branches of the dungeon, and saw 23 of its levels.
You also visited: Bailey.

You collected 2061 gold pieces.
You spent 214 gold pieces at shops.

Inventory:

Hand Weapons
 b - a +0 short sword
 k - a +0 whip of pain
 m - a +0 vampiric short sword
 u - a +2 dagger of venom
 E - the +10 hand axe of Qeuluwn (weapon) {drain, *Noise Str+3 Dex+2}
   (You found it on level 10 of the Dungeon)

   A truly terrible weapon, it drains the life of those it strikes.
   It affects your strength (+3).
   It affects your dexterity (+2).
   It may make noises in combat.
Missiles
 z - 647 poisoned tomahawks (quivered)
Armour
 a - the +5 steam dragon scales "Syureaxt" (worn) {rElec rN+ Dex-5}
   (You found it in a bailey)

   It affects your dexterity (-5).
   It insulates you from electricity.
   It protects you from negative energy.
 s - a +0 helmet (worn)
 y - a +0 pair of boots (worn)
 F - a +2 cloak (worn)
 K - a scarf of stasis
 M - a +2 buckler of protection (worn)
 Y - the +2 shield of Resistance {rF+ rC+ MR+}
   (You found it on level 9 of the Dungeon)

   It protects you from fire.
   It protects you from cold.
   It affects your resistance to hostile enchantments.
 Z - +0 ice dragon scales
Magical Staves
 U - an uncursed staff of earth
Jewellery
 e - an uncursed ring of resist corrosion
 f - an uncursed amulet of magic regeneration
 h - an uncursed ring of protection from cold
 l - a +4 amulet of reflection (around neck)
 o - a cursed ring of ice
 q - a +1 ring of slaying
 x - the amulet "Enim" {Gourm Fragile rPois rN+ Slay+3}
   (You took it off a naga warrior on level 2 of the Snake Pit)

   [amulet of the gourmand]

   It allows you to eat raw meat even when not hungry.
   It affects your accuracy and damage with ranged weapons and melee attacks
   (+3).
   It protects you from poison.
   It protects you from negative energy.
   It will be destroyed if unequipped.
 G - a ring of insulation (left hand)
 H - an uncursed amulet of the acrobat
 P - the ring "Yschoz" (right hand) {Fire rPois}
   (You found it on level 5 of the Lair of Beasts)

   [ring of fire]

   It enhances your fire magic.
   It protects you from fire.
   It makes you vulnerable to cold.
   It protects you from poison.
 R - an amulet "Avveum" {Inacc Str+2}
   (You found it on level 6 of the Lair of Beasts)

   [amulet of inaccuracy]

   It reduces the accuracy of all your attacks.
   It affects your strength (+2).
 S - a +2 ring of dexterity
 V - an uncursed ring of protection from cold
Wands
 c - a wand of flame (48)
 d - a wand of random effects (7)
 r - a wand of clouds (5)
 t - a wand of disintegration (20)
 A - a wand of digging (12)
 C - a wand of iceblast (16)
 D - a wand of acid (10)
 N - a wand of paralysis (7)
 Q - a wand of polymorph (12)
Scrolls
 g - 10 scrolls of amnesia
 i - 3 scrolls of identify
 n - 2 scrolls of fog
 p - 3 scrolls of immolation
 w - 4 scrolls of remove curse
 B - a scroll of vulnerability
 I - 2 scrolls of enchant armour
 J - a scroll of enchant weapon
 O - 2 scrolls of brand weapon
 T - a scroll of noise
Miscellaneous
 L - a sack of spiders


   Skills:
 + Level 12.6 Fighting
 + Level 3.3 Armour
 - Level 9.5 Dodging
 - Level 2.1 Stealth
 - Level 9.4 Shields
 + Level 10.2 Spellcasting
 + Level 10.8 Conjurations
 - Level 10.3 Fire Magic
 + Level 8.1 Ice Magic
 + Level 8.0 Air Magic
 + Level 3.8 Earth Magic
 - Level 5.0 Invocations


You had 7 spell levels left.
You knew the following spells:

 Your Spells              Type           Power        Failure   Level  Hunger
a - Flame Tongue          Conj/Fire      #####        1%          1    N/A
b - Conjure Flame         Conj/Fire      ######..     1%          3    N/A
c - Sticky Flame          Conj/Fire      ######..     1%          4    N/A
d - Fireball              Conj/Fire      ######....   3%          5    N/A
e - Bolt of Fire          Conj/Fire      ######....   21%         6    N/A
f - Freezing Cloud        Ice/Air        #####...     11%         5    N/A
g - Bolt of Magma         Conj/Fire/Erth ######....   10%         5    N/A

Your spell library contained the following spells:

 Spells                   Type           Power        Failure   Level  Hunger
 Magic Dart               Conj           ####         1%          1    N/A
 Sting                    Conj/Pois      ####         1%          1    N/A
 Flaming Arrows           Chrm/Fire      #####...     1%          2    N/A
 Shock                    Conj/Air       #####..      1%          2    N/A
 Throw Frost              Conj/Ice       #####.       1%          2    N/A
 Iskenderun's Mystic Bla  Conj           ######..     1%          3    N/A
 Stone Arrow              Conj/Erth      #####.       1%          3    N/A
 Mephitic Cloud           Conj/Pois/Air  #####...     2%          3    N/A
 Ensorcelled Hibernation  Hex/Ice        #####.       3%          2    N/A
 Poisonous Vapours        Pois/Air       ####..       3%          2    N/A
 Swiftness                Chrm/Air       ####....     3%          2    N/A
 Dazzling Orbs            Conj/Hex       #####..      3%          3    N/A
 Inner Flame              Hex/Fire       N/A          3%          3    N/A
 Ozocubu's Armour         Chrm/Ice       ####....     6%          3    N/A
 Infusion                 Chrm           ##......     11%         1    N/A
 Fulminant Prism          Conj/Hex       #####.....   11%         4    N/A
 Blink                    Tloc           N/A          16%         2    N/A
 Call Imp                 Summ           ##....       16%         2    N/A
 Song of Slaying          Chrm           ##......     16%         2    N/A
 Summon Ice Beast         Ice/Summ       ####....     21%         4    N/A
 Bolt of Draining         Conj/Necr      ####......   30%         5    N/A
 Beckoning                Tloc           ##........   32%         3    N/A
 Confuse                  Hex            ###.....     32%         3    N/A
 Portal Projectile        Tloc           ##....       32%         3    N/A
 Recall                   Summ/Tloc      N/A          32%         3    N/A
 Spectral Weapon          Hex/Chrm       ###.....     32%         3    N/A
 Bolt of Cold             Conj/Ice       #####.....   32%         6    N/A
 Conjure Ball Lightning   Conj/Air       #####.....   32%         6    N/A
 Steam Barrier            Chrm/Fire      #####.....   34%         5    N/A
 Petrify                  Tmut/Erth      ###.......   43%         4    N/A
 Metabolic Englaciation   Hex/Ice        #####.....   50%         5    N/A
 Silence                  Hex/Air        #####.....   50%         5    N/A
 Ozocubu's Refrigeration  Ice            #####.....   50%         6    N/A
 Iron Shot                Conj/Erth      #####.....   61%         6    N/A
 Animate Dead             Necr           N/A          71%         4    N/A
 Force Lance              Tloc           ##......     71%         4    N/A
 Yara's Violent Unravell  Hex/Tmut       ###.......   71%         4    N/A
 Orb of Destruction       Conj           ######....   71%         7    N/A
 Poison Arrow             Conj/Pois      ####......   86%         6    N/A
 Dispel Undead            Necr           ##......     96%         5    N/A
 Summon Demon             Summ           ##........   96%         5    N/A
 Summon Forest            Summ/Tloc      ##........   96%         5    N/A
 Summon Mana Viper        Hex/Summ       ###.....     96%         5    N/A
 Simulacrum               Ice/Necr       ####....     97%         6    N/A
 Aura of Abjuration       Summ           ##........   100%        6    N/A
 Borgnjor's Vile Clutch   Necr/Erth      ###.......   100%        6    N/A
 Darkness                 Hex            ###.......   100%        6    N/A
 Death Channel            Chrm/Necr      ##........   100%        6    N/A
 Dispersal                Tloc           ##........   100%        6    N/A
 Infestation              Hex/Tmut/Pois  ###......    100%        6    N/A
 Controlled Blink         Tloc           ##......     100%        7    N/A
 Haunt                    Necr/Summ      ##........   100%        7    N/A
 Shadow Creatures         Summ           N/A          100%        7    N/A
 Summon Greater Demon     Summ           ##........   100%        7    N/A
 Time Stop                Chrm/Tloc      N/A          100%        8    N/A
 Fire Storm               Conj/Fire      ######....   100%        9    N/A
 Regeneration             Chrm/Necr      Unusable     N/A         3    N/A
 Spider Form              Tmut/Pois      Unusable     N/A         3    N/A

Dungeon Overview and Level Annotations

Branches:
Dungeon (12/12)            Temple (1/1) D:5            Lair (6/6) D:9
 Shoals (0/3) Lair:2        Snake (3/3) Lair:3        Slime (0/5) Lair:5
    Orc (1/1) D:11            Elf (0/3) Orc          Vaults (0/3) D:11
 Depths (0/5) D:12

Altars:
Ashenzari
Cheibriados
Dithmenos
Gozag
Hepliaklqana
Kikubaaqudgha
Lugonu
Makhleb
Nemelex Xobeh
Okawaru
Qazlal
Ru
Sif Muna
Trog
Uskayaw
Vehumet
Wu Jian
Xom
Yredelemnul
Jiyva

Shops:
D:5 :(*   D:9 }   Orc ?:?:   Snake:3 [}(:?

Annotations:
D:3 1 exclusion
D:6 2 transporters
D:9 1 runed door
Snake:2 Roxanne


Innate Abilities, Weirdness & Mutations

You do not eat or drink.
Your flesh is vulnerable to fire.
You are immune to poison.
You possess an exceptional clarity of mind.
Your flesh is cold resistant. (rC+)
You are immune to negative energy. (rN+++)
You are immune to unholy pain and torment.
You can survive without breathing.
Your hexes are more powerful.


Message History

The naga mage hits you but does no damage.
The nagaraja hits you but does no damage.
You block the nagaraja's attack.
The naga sharpshooter mumbles some strange words.
The naga sharpshooter magically shoots a bolt.
You reflect the bolt off an invisible shield around you!
You block the nagaraja's attack. The nagaraja grabs you.
The nagaraja constricts you. The mana viper bites you.
* * * LOW HITPOINT WARNING * * *
You feel your power leaking away.
You hear an angry hiss.
The nagaraja's grasp on you weakens, but your attempt to escape fails.
The naga mage hits you but does no damage.
The mana viper bites you.
* * * LOW HITPOINT WARNING * * *
You feel your power leaking away. The nagaraja spits poison at you.
The splash of poison reflects off an invisible shield around you!
The splash of poison hits the nagaraja.
The nagaraja is poisoned.
You die...

,,,,,,,,,*.sNN....##.....# ##..
,,*,,,,,,,,*...N.)##..∩..# ##...
,,,,*,,,,,,,,,..N.##.....####....
,,,,,,,,*,,,,,,#NN##......##.....
..........,,,,*#.N##...#..#......
...NN.....,,,,*#N.##...#.........
#.S.......,,,,##SN##..###........
.......N..,,,*#NNS######........<
..N.......,,,*#.@#######........#
.NN.NN....,,*#...# #.##.........#
...NNN..N.,,*#...# #..#...#####..
.N...N.SN.,*#....# #...[### ##.
#..Nφ..N.#*#!....# #....## #.
.########.*#....## #.....## ##
.#********,.....* #......## #
..,,,,,,,,.....#* #.......## ###
...,,,,,,,,,,*** #........###..


You could see a naga warrior, a nagaraja, 2 naga sharpshooters, a naga
ritualist, 2 mana vipers, 2 naga magi and 2 nagas.

Vanquished Creatures
  Kirke (Snake:3)
  3 nagarajas (Snake:2)
  An orc warlord (D:11)
  Josephine (Lair:5)
  2 fire dragons (D:9)
  5 hydras
  3 rakshasas
  5 naga warriors
  4 vault guards (D:11)
  2 ice dragons (D:9)
  A catoblepas (Lair:6)
  8 anacondas
  A deep troll shaman (Lair:6)
  2 ogre magi (D:10)
  7 two-headed ogres
  2 tengu warriors (D:9)
  21 death yaks
  4 orc high priests (Orc)
  4 naga sharpshooters
  7 shock serpents
  5 centaur warriors
  2 salamander mystics (Snake:2)
  An unseen horror (D:11)
  A wolf spider zombie (D:10)
  4 naga ritualists
  A lindwurm (Lair:6)
  7 orc knights
  A glowing orange brain (D:12)
  A deep elf mage (D:8)
  3 cyclopes
  2 orc sorcerers (Orc)
  A mana viper (shapeshifter) (D:12)
  6 ugly things
  7 salamanders
  7 mana vipers
  A manticore (Lair:2)
  A salamander (shapeshifter) (D:12)
  Joseph (D:9)
  A guardian serpent (Snake:1)
  18 elephants
  13 naga magi
  42 black mambas
  14 cane toads
  3 torpor snails
  2 rime drakes
  An efreet (D:12)
  2 kobold demonologists (D:10)
  12 komodo dragons
  2 yaktaurs (D:10)
  2 eyes of draining
  9 trolls
  Maurice (D:9)
  A wind drake (shapeshifter) (D:12)
  4 polar bears
  2 hornets
  Prince Ribbit (D:9)
  8 slime creatures
  3 blink frogs (Lair:6)
  4 harpy skeletons
  Grinder (D:5)
  9 hippogriffs
  A meliai zombie (D:10)
  10 dream sheep
  A spriggan (Lair:3)
  7 wyverns
  49 yaks
  4 hogs
  4 wraiths (Lair:5)
  Eustachio (D:6)
  5 basilisks
  A human (D:8)
  2 vampire mosquitoes (D:11)
  A hungry ghost (D:11)
  15 nagas
  A warg (Orc)
  19 crocodiles
  Duvessa (D:6)
  8 porcupines
  5 sky beasts
  16 water moccasins
  An ice beast (shapeshifter) (D:12)
  4 ice beasts
  35 orc warriors
  5 ogres
  A necrophage (D:10)
  7 black bears
  11 wolves
  A kobold brigand (D:7)
  Blork the orc (D:4)
  14 bullfrogs
  3 earth elementals (D:10)
  Dowan (D:6)
  24 centaurs
  5 scorpions
  8 wights
  6 howler monkeys
  32 orc priests
  An electric eel (Lair:1)
  2 crimson imps
  A bullfrog zombie (D:7)
  A quasit (D:8)
  6 jellies
  8 hounds
  Crazy Yiuf (D:4)
  30 orc wizards
  An iguana (D:9)
  Natasha (twice) (D:4)
  6 hell rats (Lair:6)
  9 worker ants
  A hound skeleton (D:6)
  Robin (D:4)
  2 worker ant zombies
  21 adders
  21 gnolls
  4 shadow imps
  9 oozes
  An adder skeleton (D:4)
  3 worms
  A dart slug (D:1)
  3 leopard geckos
  108 orcs
  4 bats
  6 giant cockroaches
  15 goblins
  10 hobgoblins
  6 jackals
  2 quokkas
  8 ball pythons
  3 frilled lizards
  A jackal zombie (D:6)
  19 kobolds
  6 rats
  10 fungi
  A plant (Lair:6)
935 creatures vanquished.

Vanquished Creatures (others)
  2 naga sharpshooters (Snake:3)
  A centaur warrior (D:12)
  A cyclops (Orc)
  An orc warrior (Orc)
  An orc priest (D:11)
  An orc (D:8)
  A kobold (D:7)
  3 bushes (Lair:6)
  40 fungi
  37 plants
  5 toadstools (D:3)
93 creatures vanquished.

Grand Total: 1028 creatures vanquished

Notes
Turn   | Place    | Note
-------+----------+-------------------------------------------
     0 | D:1      | Mehrunes the Mummy Fire Elementalist began the quest for
                  | the Orb.
     0 | D:1      | Reached XP level 1. HP: 13/13 MP: 4/4
   309 | D:1      | Reached skill level 1 in Conjurations
   347 | D:1      | Reached XP level 2. HP: 16/20 MP: 2/5
   781 | D:1      | Reached XP level 3. HP: 12/25 MP: 0/7
   789 | D:1      | Reached skill level 1 in Fighting
  1699 | D:2      | Found a faded altar of an unknown god.
  1790 | D:2      | Found a blossoming altar of Fedhas.
  1837 | D:2      | Learned a level 3 spell: Conjure Flame
  1935 | D:2      | Reached XP level 4. HP: 28/32 MP: 1/9
  1984 | D:3      | Noticed a fire elemental
  1986 | D:3      | Found a stormy altar of Qazlal.
  2484 | D:3      | Noticed a water elemental
  2484 | D:3      | Noticed an air elemental
  2484 | D:3      | Noticed an earth elemental
  2632 | D:3      | Reached XP level 5. HP: 38/38 MP: 1/10
  2892 | D:3      | Reached skill level 2 in Fighting
  3275 | D:3      | Reached XP level 6. HP: 29/44 MP: 5/12
  3322 | D:3      | Learned a level 4 spell: Sticky Flame
  3328 | D:3      | Learned a level 5 spell: Fireball
  3908 | D:4      | Found a blossoming altar of Fedhas.
  3950 | D:4      | Noticed a sky beast
  4070 | D:3      | Killed a sky beast
  4301 | D:4      | Reached skill level 3 in Fighting
  4301 | D:4      | Reached XP level 7. HP: 30/52 MP: 0/14
  4436 | D:4      | Noticed Robin
  4457 | D:4      | Killed Robin
  4712 | D:4      | Noticed Blork the orc
  4722 | D:4      | Killed Blork the orc
  4723 | D:4      | Reached skill level 5 in Spellcasting
  5091 | D:4      | Noticed Natasha
  5096 | D:4      | Killed Natasha
  5209 | D:4      | Noticed Natasha
  5216 | D:4      | Killed Natasha
  5335 | D:4      | Found a runed door.
  5367 | D:4      | Noticed Crazy Yiuf
  5373 | D:4      | Killed Crazy Yiuf
  5543 | D:5      | Entered Level 5 of the Dungeon
  5543 | D:5      | Found Vayness's Assorted Antiques.
  5559 | D:5      | Found Xiotul's Antique Weapon Shoppe.
  5664 | D:5      | Found a staircase to the Ecumenical Temple.
  5671 | D:5      | Noticed Grinder
  5673 | Temple   | Entered the Ecumenical Temple
  5863 | Temple   | Became a worshipper of Sif Muna the Loreminder
  5888 | D:5      | Killed Grinder
  5889 | D:5      | Reached XP level 8. HP: 60/60 MP: 10/16
  5984 | D:5      | Reached skill level 4 in Fighting
  6102 | D:5      | Found Gosashryboe's Book Shoppe.
  6454 | D:6      | Found a glowing golden altar of the Shining One.
  6476 | D:6      | Reached skill level 1 in Shields
  6694 | D:6      | Noticed Eustachio
  6724 | D:6      | Killed Eustachio
  6724 | D:6      | Reached * piety under Sif Muna
  6725 | D:6      | Identified Rutrumi's Reference Book on the Escort and
                  | Attacks (Sif Muna gifted it to you on level 6 of the
                  | Dungeon)
  6725 | D:6      | Received a gift from Sif Muna
  6805 | D:6      | Found a transporter.
  6854 | D:6      | Noticed Duvessa
  6854 | D:6      | Noticed Dowan
  7119 | D:6      | Reached skill level 5 in Fire Magic
  7177 | D:6      | Reached skill level 5 in Fighting
  7266 | D:6      | Found a transporter.
  7361 | D:6      | Found a transporter.
  7385 | D:6      | Found a glowing golden altar of the Shining One.
  7516 | D:6      | Found a transporter.
  7658 | D:6      | Killed Duvessa
  7663 | D:6      | Killed Dowan
  7664 | D:6      | Reached XP level 9. HP: 35/68 MP: 4/18
  8012 | D:7      | Found a flagged portal.
  8015 | D:7      | Noticed a troll
  8218 | Bailey   | Entered a bailey
  8330 | Bailey   | Noticed an orc knight
  8464 | Bailey   | Reached ** piety under Sif Muna
  8552 | Bailey   | Reached skill level 5 in Conjurations
  8615 | Bailey   | Killed an orc knight
  8616 | Bailey   | Reached skill level 6 in Fighting
  8707 | Bailey   | Got ancient steam dragon scales
  8719 | Bailey   | Identified the +5 steam dragon scales "Syureaxt" {rElec rN+
                  | Dex-5} (You found it in a bailey)
  8794 | D:7      | Killed a troll
  9084 | D:7      | Reached XP level 10. HP: 71/77 MP: 9/19
  9104 | D:7      | Reached *** piety under Sif Muna
  9263 | D:7      | Found a sparkling altar of Nemelex Xobeh.
  9512 | D:8      | Reached skill level 7 in Fighting
  9660 | D:8      | Reached skill level 1 in Invocations
 10189 | D:8      | Noticed a deep elf mage
 10200 | D:8      | Killed a deep elf mage
 10201 | D:8      | Found a hazy altar of Hepliaklqana.
 10709 | D:8      | Reached skill level 5 in Dodging
 10892 | D:8      | Reached **** piety under Sif Muna
 10893 | D:8      | Reached skill level 5 in Shields
 11278 | D:8      | Received a gift from Sif Muna
 11376 | D:8      | Found a roughly hewn altar of Beogh.
 11557 | D:9      | Noticed a tengu warrior
 11562 | D:9      | Noticed Maurice
 11622 | D:9      | Noticed a two-headed ogre
 11636 | D:9      | Killed a two-headed ogre
 11637 | D:9      | Reached XP level 11. HP: 71/86 MP: 9/20
 11799 | D:9      | Found a staircase to the Lair.
 11846 | D:9      | Noticed a white ugly thing
 11855 | D:9      | Killed a white ugly thing
 11955 | D:9      | Noticed a tengu warrior
 11958 | D:9      | Reached skill level 8 in Fighting
 12220 | D:9      | Noticed a five-headed hydra
 12525 | D:8      | Found a hazy altar of Hepliaklqana.
 12553 | D:8      | Killed a five-headed hydra
 12748 | D:9      | Reached ***** piety under Sif Muna
 12783 | D:9      | Noticed Prince Ribbit
 12813 | D:9      | Killed Prince Ribbit
 12856 | D:9      | Noticed Joseph
 12887 | D:9      | Killed Joseph
 13156 | D:9      | Found Cexoseo's Gadget Emporium.
 13232 | D:9      | Killed Maurice
 13290 | D:9      | Killed a tengu warrior
 13712 | D:9      | Found a runed door.
 13714 | D:9      | Noticed a fire dragon
 13716 | D:9      | Found the +2 shield of Resistance {rF+ rC+ MR+}
 13717 | D:9      | Noticed an ice dragon
 13717 | D:9      | Noticed a fire dragon
 13718 | D:9      | Noticed an ice dragon
 13749 | D:9      | Found a runed door.
 13752 | D:9      | Noticed a two-headed ogre
 13767 | D:9      | Killed a two-headed ogre
 14064 | D:9      | Killed a tengu warrior
 14234 | D:10     | Entered Level 10 of the Dungeon
 14662 | D:10     | Noticed a two-headed ogre
 14677 | D:10     | Killed a two-headed ogre
 14681 | D:10     | Noticed an orc knight
 14735 | D:10     | Reached XP level 12. HP: 92/92 MP: 9/21
 14906 | D:10     | Reached skill level 9 in Fighting
 15963 | D:10     | Reached skill level 5 in Invocations
 15976 | D:10     | Noticed an ogre mage
 15980 | D:10     | Killed an ogre mage
 15984 | D:10     | Noticed an ogre mage
 15999 | D:10     | Killed an ogre mage
 16170 | D:10     | Got an ivory hand axe
 16172 | D:10     | Identified the +10 hand axe of Qeuluwn {drain, *Noise Str+3
                  | Dex+2} (You found it on level 10 of the Dungeon)
 16429 | Lair:1   | Entered Level 1 of the Lair of Beasts
 16839 | Lair:1   | Got a heavily runed ring mail
 16850 | Lair:1   | Identified the +2 ring mail of Zepreix {rPois rF- Int+9
                  | SInv} (You found it on level 1 of the Lair of Beasts)
 16911 | Lair:1   | Noticed a five-headed hydra
 16923 | Lair:1   | Killed a five-headed hydra
 17234 | Lair:1   | Identified Sif Muna's Handbook of Battle Magic (Sif Muna
                  | gifted it to you on level 1 of the Lair of Beasts)
 17234 | Lair:1   | Received a gift from Sif Muna
 17300 | Lair:1   | Learned a level 6 spell: Bolt of Fire
 17904 | Lair:2   | Reached ****** piety under Sif Muna
 18143 | Lair:2   | Found a staircase to the Shoals.
 18831 | Lair:3   | Reached skill level 10 in Fighting
 19114 | Lair:2   | Reached XP level 13. HP: 90/103 MP: 15/22
 19315 | Lair:3   | Found a staircase to the Snake Pit.
 21878 | Lair:4   | Learned a level 5 spell: Freezing Cloud
 22247 | Lair:5   | Got a warped platinum ring
 22250 | Lair:5   | Identified the cursed ring "Yschoz" {Fire rPois} (You found
                  | it on level 5 of the Lair of Beasts)
 22309 | Lair:5   | Noticed Josephine
 22319 | Lair:5   | Killed Josephine
 22320 | Lair:5   | Reached skill level 1 in Ice Magic
 22320 | Lair:5   | Reached skill level 1 in Air Magic
 22326 | Lair:5   | Found a staircase to the Slime Pits.
 22326 | Lair:5   | Found a viscous altar of Jiyva.
 22649 | Lair:5   | Identified Sif Muna's Papyrus of the Snowflakes and Attacks
                  | (Sif Muna gifted it to you on level 5 of the Lair of
                  | Beasts)
 22649 | Lair:5   | Received a gift from Sif Muna
 23118 | Lair:5   | Reached skill level 11 in Fighting
 23118 | Lair:5   | Reached XP level 14. HP: 108/113 MP: 15/23
 23448 | Lair:6   | Entered Level 6 of the Lair of Beasts
 24658 | Lair:6   | Reached skill level 10 in Fire Magic
 24892 | Lair:6   | Got a bound sapphire amulet
 25920 | Lair:6   | Identified Sif Muna's Disquisition on Earthen Companions
                  | (Sif Muna gifted it to you on level 6 of the Lair of
                  | Beasts)
 25920 | Lair:6   | Received a gift from Sif Muna
 25965 | Lair:6   | Reached skill level 10 in Conjurations
 26999 | D:11     | Reached XP level 15. HP: 120/120 MP: 14/24
 27809 | D:11     | Reached skill level 5 in Ice Magic
 27809 | D:11     | Reached skill level 5 in Air Magic
 28323 | D:11     | Found a staircase to the Orcish Mines.
 28645 | D:11     | Found a gate to the Vaults.
 29248 | D:12     | Entered Level 12 of the Dungeon
 29538 | D:12     | Identified an amulet "Avveum" {Inacc Str+2} (You found it
                  | on level 6 of the Lair of Beasts)
 29548 | D:12     | Found a burning altar of Makhleb.
 29670 | D:12     | Identified Asmodeus's Catalogue of Battle Magic and
                  | Summoning (Sif Muna gifted it to you on level 12 of the
                  | Dungeon)
 29670 | D:12     | Received a gift from Sif Muna
 30110 | D:12     | Found a staircase to the Depths.
 31352 | Orc      | Entered the Orcish Mines
 31361 | Orc      | Noticed an orc warlord
 32508 | D:11     | Killed an orc warlord
 32647 | D:11     | Found a staircase to the Orcish Mines.
 32780 | Orc      | Learned a level 5 spell: Bolt of Magma
 33270 | Orc      | Received a gift from Sif Muna
 33982 | Orc      | Found Dydos's Book Boutique.
 33982 | Orc      | Found Axuqemer's Magic Scroll Shop.
 33982 | Orc      | Found Vyxadiw's Book Shop.
 33987 | Orc      | Found Gileast's Magic Scroll Boutique.
 34090 | Orc      | Found a staircase to the Elven Halls.
 34779 | Snake:1  | Entered Level 1 of the Snake Pit
 35190 | Snake:1  | Reached XP level 16. HP: 104/127 MP: 15/28
 35462 | Snake:1  | Reached skill level 1 in Earth Magic
 35960 | Snake:1  | Reached skill level 12 in Fighting
 36979 | D:9      | Found Cexoseo's Gadget Emporium.
 37492 | Snake:2  | Reached skill level 1 in Armour
 38254 | Snake:2  | Noticed Roxanne
 38414 | Snake:2  | Received a gift from Sif Muna
 38608 | Snake:2  | Identified the amulet "Enim" {Gourm Fragile rPois rN+
                  | Slay+3}
 39480 | Snake:3  | Entered Level 3 of the Snake Pit
 39481 | Snake:3  | Noticed Kirke
 39623 | Snake:3  | Found Egoed's Book Boutique.
 39706 | Snake:3  | Found Joptye's Gadget Shop.
 39897 | Snake:3  | Found Ogopedgho's Antique Weapon Emporium.
 40147 | Snake:3  | Reached skill level 10 in Spellcasting
 40246 | Snake:3  | Found Ibieff's Magic Scroll Boutique.
 40647 | Snake:3  | Killed Kirke
 40648 | Snake:3  | Reached XP level 17. HP: 123/135 MP: 16/31
 40868 | Snake:3  | Found Imorybuf's Armour Emporium.
 40876 | Snake:3  | Bought a +2 cloak for 214 gold pieces
 41147 | Snake:3  | HP: 2/134 [mana viper[a naga ritualist] (6)]
 41147 | Snake:3  | Slain by a nagaraja

Skill      XL: |  1  2  3  4  5  6  7  8  9 10 11 12 13 14 15 16 |
---------------+-------------------------------------------------+-----
Conjurations   | 1 2 3 4 5 6 7 8 9 10 | 10.8
Spellcasting   | 3 4 5 6 8 10 | 10.2
Fighting       | 1 2 3 5 6 7 8 10 11 12 | 12.6
Dodging        | 2 3 4 5 6 7 8 9 |  9.5
Fire Magic     | 3 4 5 6 7 8 9 10 | 10.3
Shields        | 2 4 5 6 7 8 9 |  9.4
Invocations    | 2 4 5 |  5.0
Ice Magic      | 1 3 7 8 |  8.1
Air Magic      | 1 3 6 8 |  8.0
Earth Magic    | 3 |  3.8
Armour         | 3 |  3.3
Stealth        | |  2.1

Action                   |  1- 3 |  4- 6 |  7- 9 | 10-12 | 13-15 | 16-18 || total
-------------------------+-------+-------+-------+-------+-------+-------++-------
Melee: Short sword       |    14 |    29 |   119 |   117 |       |       ||   279
       Dagger            |       |       |       |   153 |       |       ||   153
       Hand axe          |       |       |       |    82 |   636 |   114 ||   832
 Cast: Flame Tongue      |    79 |   132 |   242 |   393 |   291 |    27 ||  1164
       Sticky Flame      |       |     2 |    21 |   108 |   215 |    33 ||   379
       Conjure Flame     |       |       |     1 |    18 |    21 |     1 ||    41
       Fireball          |       |       |       |       |   154 |    87 ||   241
       Bolt of Fire      |       |       |       |       |     3 |    19 ||    22
       Freezing Cloud    |       |       |       |       |    28 |    27 ||    55
       Bolt of Magma     |       |       |       |       |     1 |    34 ||    35
Invok: Divine Energy     |       |       |       |       |    17 |     7 ||    24
       Channel Magic     |       |       |       |       |    20 |    11 ||    31
Evoke: Wand              |       |       |     1 |    12 |     6 |     1 ||    20
  Use: Scroll            |     2 |       |     7 |     2 |    20 |     4 ||    35
 Stab: Paralysed         |       |       |       |    11 |       |       ||    11
Armor: Robe              |    15 |     6 |       |       |       |       ||    21
       Leather armour    |       |     9 |    37 |       |       |       ||    46
       Steam dragon scal |       |       |    17 |   158 |   285 |   103 ||   563
Dodge: Dodged            |    42 |    55 |   115 |   227 |   560 |   167 ||  1166
Block: Other             |     5 |    13 |     6 |       |       |       ||    24
       Reflection        |       |     2 |     5 |    10 |    42 |    28 ||    87
       Buckler           |       |       |    95 |   262 |   525 |   220 ||  1102
